 Dungeon Crawl Stone Soup version 0.29-a0-723-gce39da1c22 (webtiles) character file.

Game seed: 8892738703603778918

125 ytrimaz the Shield-Bearer (level 4, 0/35 HPs)
             Began as a Demonspawn Fighter on June 28, 2022.
             Succumbed to a scorpion's poison
             ... on level 3 of the Dungeon.
             The game lasted 00:03:07 (2265 turns).

ytrimaz the Shield-Bearer (Demonspawn Fighter)      Turns: 2265, Time: 00:03:08

Health: 0/35       AC:  7    Str: 19    XL:     4   Next: 82%
Magic:  4/4        EV:  9    Int:  9    God:
Gold:   102        SH:  5    Dex: 12    Spells: 3/3 levels left

rFire   . . .      SeeInvis .   a - +0 war axe
rCold   . . .      Faith    .   c - +0 buckler
rNeg    + . .      Spirit   .   b - +0 scale mail
rPois   .          Reflect  .   (no helmet)
rElec   .          Harm     .   (no cloak)
rCorr   .          Rampage  .   k - +0 pair of gloves
Will    .....                   (no boots)
Stlth   ..........              (no amulet)
HPRegen 0.11/turn               g - ring of positive energy
MPRegen 0.09/turn               (no ring)

@: lethally poisoned (0 -> -3)
A: powered by death 1
a: no special abilities


You were on level 3 of the Dungeon.
You visited 1 branch of the dungeon, and saw 3 of its levels.

You collected 102 gold pieces.

Inventory:

Hand Weapons
 a - a +0 war axe (weapon)
Armour
 b - a +0 scale mail (worn)
 c - a +0 buckler (worn)
 k - a +0 pair of gloves (worn)
Jewellery
 g - a ring of positive energy (left hand)
Wands
 l - a wand of paralysis (6)
Scrolls
 h - 2 scrolls of enchant weapon
 j - 2 scrolls of teleportation {unknown}
Potions
 f - a potion of heal wounds {unknown}
 i - a potion of resistance {unknown}


   Skills:
 - Level 3.0 Fighting
 + Level 3.2 Axes
 - Level 2.6 Armour
 * Level 4.3 Shields


You had 3 spell levels left.
You didn't know any spells.
Your spell library contained the following spells:

 Spells                   Type           Power      Damage    Failure   Level
 Call Canine Familiar     Summ           0%         N/A       99%         3
 Gell's Gravitas          Tloc           0%         N/A       99%         3
 Lesser Beckoning         Tloc           0%         N/A       99%         3
 Portal Projectile        Hex/Tloc       0%         N/A       99%         3
 Teleport Other           Tloc           0%         N/A       99%         3
 Leda's Liquefaction      Hex/Erth       0%         N/A       100%        4


Dungeon Overview and Level Annotations

Branches:
Dungeon (3/15)

Altars:
Kikubaaqudgha
Ru
Uskayaw


Innate Abilities, Weirdness & Mutations

You regenerate a little health from kills.


Message History

You feel sick. The scorpion closely misses you.
You closely miss the scorpion.
The scorpion is almost dead.
You feel sick. The scorpion barely misses you.
The scorpion completely misses you.
You barely miss the scorpion.
The scorpion is almost dead.
You feel sick. The scorpion stings you.
You are lethally poisoned!
The scorpion poisons you! You block the scorpion's attack.
You barely miss the scorpion.
The scorpion is almost dead.
* * * LOW HITPOINT WARNING * * *
You feel very sick. The scorpion stings you.
* * * LOW HITPOINT WARNING * * *
Unknown command.
You slash the scorpion!
You kill the scorpion!
* * * LOW HITPOINT WARNING * * *
You feel very sick.
Your Axes skill increases to level 3!
Your Shields skill increases to level 4!
You have reached level 4!
You feel stronger.
* * * LOW HITPOINT WARNING * * *
You feel sick.
* * * LOW HITPOINT WARNING * * *
You feel sick.
You feel sick.
You start resting.
* * * LOW HITPOINT WARNING * * *
You feel sick.
There is a lethal amount of poison in your body!
Unknown command.
It was a potion of cancellation.
Your magical effects are unravelling.
You feel magically purged.
You feel a little less mighty now.
You die...

#.# #.# #.#####
#.>...# .
#.#.### ..#
#.#..# #..# ###
#.##.# #..#.###
#.##.###
#..#@#+#......#
#.#..#.#......#
###.#.........#
###..##.....#
#####.....#
#.....#
#........♣
#######..♣ ..♣


There were no monsters in sight!

Vanquished Creatures
  A scorpion (D:3)
  3 adders (D:2)
  3 bats
  5 endoplasms
  2 hobgoblins (D:2)
  3 jackals (D:2)
  7 kobolds
  3 quokkas (D:2)
  A frilled lizard (D:3)
  3 goblins
  2 rats
33 creatures vanquished.

Vanquished Creatures (others)
  A human (D:3)
1 creature vanquished.

Grand Total: 34 creatures vanquished

Notes
Turn   | Place    | Note
-------+----------+-------------------------------------------
     0 | D:1      | ytrimaz the Demonspawn Fighter began the quest for the Orb.
     0 | D:1      | Reached XP level 1. HP: 18/18 MP: 1/1
   253 | D:1      | Reached skill level 3 in Shields
   454 | D:1      | Gained mutation: You regenerate a little health from kills.
                  | [demonic ancestry]
   454 | D:1      | Reached XP level 2. HP: 24/24 MP: 2/2
  1024 | D:2      | Reached XP level 3. HP: 29/29 MP: 3/3
  1617 | D:2      | Found a sacrificial altar of Ru.
  2080 | D:3      | Found a hide-covered altar of Uskayaw.
  2130 | D:3      | Found an ancient bone altar of Kikubaaqudgha.
  2131 | D:3      | Noticed a human
  2133 | D:3      | Killed a human
  2250 | D:3      | Noticed a scorpion
  2260 | D:3      | Killed a scorpion
  2261 | D:3      | Reached skill level 4 in Shields
  2261 | D:3      | Reached XP level 4. HP: 4/35 MP: 4/4
  2264 | D:3      | HP: 1/35 [poisoned by a scorpion]
  2265 | D:3      | Succumbed to a scorpion's poison

Illustrated notes

Levels and vault maps discovered:
D:1:      co_arrival_random_square_maze, layout_basic
D:2:      minmay_door_path, layout_loops_cross, basic_altar, st_stairs_12,
          minmay_misc_feat_iff
D:3:      minmay_razor_zed, layout_rooms, lemuel_doored_altar,
          tgw_kikubaaqudgha, mainiacjoe_overflow_paths,
          mainiacjoe_overflow_alcove_1, serial_shops, shop,
          pf_guarded_unrand_delatra, uniq_sigmund

Skill      XL: |  1  2  3 |
---------------+----------+-----
Shields        | 3 4 |  4.3
Axes           | 2 3 |  3.2
Fighting       | |  3.0
Armour         | |  2.6

Action                   |  1- 3 |  4- 6 || total
-------------------------+-------+-------++-------
Melee: War axe           |   112 |       ||   112
  Use: Scroll            |     3 |       ||     3
       Potion            |     1 |     1 ||     2
Armor: Scale mail        |    65 |       ||    65
Dodge: Dodged            |    57 |       ||    57
Block: Buckler           |    42 |       ||    42

Table legend: (Time is in decaauts)
 A = Elapsed time spent in this place.
 B = Non-inter-level travel time spent in this place.
 C = Inter-level travel time spent in this place.
 D = Time resting spent in this place.
 E = Time spent auto-exploring this place.
 F = Levels seen in this place.
 G = Mean time per level.
                   A        B        C        D        E       F      G
               +--------+--------+--------+--------+--------+-----+--------+
         Total |   2313 |   2289 |     24 |    264 |   1687 |   3 |  771.0 |
       Dungeon |   2313 |   2289 |     24 |    264 |   1687 |   3 |  771.0 |
               +--------+--------+--------+--------+--------+-----+--------+

Top non-repeatable levels by time:
     D:2: 1062 daAuts
     D:1: 932 daAuts
     D:3: 318 daAuts
